Map: Óxido EE

Players

DPGCure (Cure) - Winner!

  • Race: Terran Terran
  • League: Master

Trap

  • Race: Protoss Protoss
  • League: Master

VOD

Have the link to the VOD?

Description

Time

  • Played on: April 27, 2021, 7:23 a.m.
  • Length: 11:19
Show
View Real Time Build Order
Export as new Build Order

DPGCure Terran - Winner!

Build Orders:  

Get SALT Encoding   

  12  0:00  SCV  
  13  0:12  SCV  
  14  0:17  Supply Depot  
  14  0:24  SCV  
  15  0:38  SCV  
  15  0:39  Barracks  
  15  0:42  Refinery  
  16  0:50  SCV  
  17  1:03  SCV  
  18  1:15  SCV  
  19  1:26  Marine  
  19  1:27  Orbital Command  
  20  1:41  Command Center  
  20  1:53  Factory  
  20  1:56  SCV  
  21  2:01  Barracks Reactor  
  21  2:09  SCV  
  21  2:10  Supply Depot  
  22  2:15  Bunker  
  22  2:21  Refinery  
  22  2:22  SCV  
  23  2:34  SCV  
  24  2:38  Starport  
  24  2:46  Marine, SCV  
  24  2:47  Marine  
  24  2:49  Widow Mine  
  29  2:57  Orbital Command  
  29  3:01  SCV  
  29  3:05  Marine  
  31  3:07  Marine  
  31  3:10  Widow Mine  
  34  3:13  SCV  
  34  3:17  Medivac  
  37  3:24  SCV  
  37  3:25  SCV  
  39  3:31  Marine x2  
  39  3:33  Supply Depot, Widow Mine  
  43  3:36  SCV  
  43  3:38  SCV  
  45  3:47  Supply Depot  
  45  3:48  Starport Tech Lab, SCV  
  45  3:54  SCV  
  47  3:56  Marine x2  
  47  4:00  SCV  
  48  4:02  Factory Tech Lab  
  48  4:07  SCV  
  48  4:08  Raven  
  50  4:12  SCV  
  50  4:14  Marine x2, Supply Depot  
  53  4:19  SCV  
  54  4:24  SCV  
  54  4:25  Siege Tank  
  54  4:31  SCV, Barracks  
  59  4:33  Barracks  
  59  4:36  Supply Depot  
  59  4:40  Marine x2  
  59  4:42  SCV  
  59  4:43  SCV  
  59  4:48  Engineering Bay  
  59  4:54  SCV  
  59  4:55  SCV  
  59  4:58  Supply Depot  
  57  5:00  Marine  
  57  5:01  Marine  
  57  5:04  Starport Reactor  
  57  5:06  Refinery, SCV  
  60  5:07  SCV  
  60  5:09  Factory Reactor  
  61  5:16  Terran Infantry Weapons Level 1  
  61  5:18  Marine x2, SCV  
  61  5:19  SCV  
  65  5:25  Supply Depot  
  65  5:27  Missile Turret  
  65  5:28  Stimpack  
  65  5:31  Marine x2  
  65  5:33  SCV  
  65  5:34  SCV  
  69  5:36  Marine x2  
  71  5:42  Refinery  
  71  5:43  Missile Turret  
  71  5:46  Combat Shield, SCV x2  
  71  5:49  Supply Depot  
  73  5:51  Marine x2  
  73  5:54  Marine x2  
  77  5:59  SCV x2  
  77  6:02  Supply Depot  
  77  6:03  Medivac  
  81  6:05  Medivac  
  85  6:11  Marauder x2  
  85  6:12  Marine x2  
  85  6:14  Supply Depot, Widow Mine  
  85  6:17  Widow Mine, Missile Turret  
  93  6:21  Supply Depot  
  93  6:30  Marine  
  93  6:31  Marine  
  97  6:32  Medivac  
  97  6:33  Marauder x2  
  97  6:35  Widow Mine  
  97  6:39  Widow Mine  
  105  6:46  Supply Depot x2  
  105  6:51  Command Center  
  105  6:59  Marauder  
  105  7:00  Marine x2, Marauder  
  111  7:05  Widow Mine x2  
  111  7:06  Medivac  
  117  7:10  Medivac  
  117  7:12  Terran Infantry Armor Level 1  
  119  7:29  Marine x2, Marauder  
  125  7:30  Widow Mine x2, Marauder  
  127  7:37  SCV x2  
  127  7:47  Barracks  
  127  7:50  Barracks  
  127  7:51  Widow Mine x2  
  127  7:54  Medivac x2  
  135  7:59  Marine, Concussive Shells, Marauder x2  
  140  8:08  SCV x2  
  140  8:09  Orbital Command  
  141  8:17  Marine x2  
  122  8:20  Widow Mine, Marauder x2  
  122  8:26  SCV x2  
  122  8:32  Widow Mine  
  119  8:39  Marine x2  
  102  8:41  Marauder x2  
  102  8:42  Barracks Tech Lab  
  102  8:43  Barracks Reactor, Widow Mine  
  97  8:50  Ghost Academy  
  97  8:53  Widow Mine  
  96  8:57  Orbital Command, Marine x2  
  96  8:59  Medivac  
  96  9:02  Marine  
  100  9:03  Medivac, Marauder  
  100  9:04  Marauder  
  105  9:16  Marine x2  
  105  9:20  Widow Mine  
  105  9:21  Widow Mine  
  109  9:24  Ghost x2  
  109  9:25  Ghost  
  109  9:26  Marine x2  
  115  9:34  Marine x2  
  115  9:36  SCV x2  
  116  9:44  Marine x2  
  117  9:48  SCV x2  
  117  9:50  Refinery  
  117  9:52  Marine x2  
  121  9:53  Ghost  
  121  9:54  Refinery  
  121  9:55  Ghost  
  121  9:57  Orbital Command  
  125  10:00  SCV x2, Ghost  
  125  10:02  Marine x2  
  131  10:10  Marine x2  
  131  10:12  SCV x2  
  131  10:13  Supply Depot  
  135  10:14  Supply Depot  
  135  10:20  Marine x2  
  137  10:22  Ghost  
  137  10:27  SCV x3  
  142  10:30  Ghost  
  144  10:37  Armory  
  144  10:39  Engineering Bay  
  144  10:42  Marine x2, Marauder  
  148  10:44  Marine x2  
Show
View Real Time Build Order
Export as new Build Order

Trap Protoss 

Build Orders: 1 Gate Expand, Oracle Opening 

Get SALT Encoding   

  12  0:00  Probe  
  13  0:12  Probe  
  14  0:18  Pylon  
  14  0:24  Probe (Chrono Boost)  
  15  0:36  Probe (Chrono Boost)  
  15  0:37  Gateway  
  16  0:44  Probe (Chrono Boost)  
  16  0:46  Assimilator  
  17  0:50  Probe  
  18  1:03  Probe  
  19  1:15  Probe  
  20  1:24  Cybernetics Core  
  20  1:33  Nexus  
  20  1:40  Pylon  
  20  1:42  Probe  
  21  1:48  Assimilator  
  21  1:54  Probe  
  21  1:57  Adept (Chrono Boost)  
  23  2:06  Probe  
  24  2:18  Stargate  
  24  2:19  Probe (Chrono Boost)  
  24  2:22  Adept  
  28  2:31  Warp Gate, Probe (Chrono Boost)  
  28  2:36  Probe (Chrono Boost)  
  29  2:45  Probe (Chrono Boost)  
  29  2:51  Probe (Chrono Boost)  
  31  2:55  Probe (Chrono Boost)  
  35  2:58  Probe (Chrono Boost)  
  35  3:00  Probe (Chrono Boost)  
  35  3:02  Oracle (Chrono Boost)  
  39  3:09  Probe  
  39  3:12  Probe  
  39  3:15  Gateway  
  39  3:18  Gateway  
  39  3:21  Probe  
  39  3:24  Probe  
  41  3:28  Pylon  
  41  3:32  Oracle (Chrono Boost)  
  44  3:34  Probe  
  44  3:36  Probe  
  46  3:47  Probe  
  48  3:48  Probe  
  48  3:59  Nexus  
  48  4:04  Probe x2  
  48  4:08  Phoenix (Chrono Boost)  
  49  4:13  Assimilator  
  49  4:14  Pylon  
  49  4:17  Probe x2, Assimilator  
  49  4:19  Adept  
  53  4:26  Pylon  
  53  4:31  Phoenix (Chrono Boost)  
  53  4:33  Probe x2  
  57  4:45  Probe  
  57  4:46  Probe  
  57  4:47  Phoenix  
  57  4:50  Forge  
  57  4:51  Twilight Council  
  61  4:58  Probe x2  
  63  5:04  Sentry  
  63  5:06  Pylon  
  65  5:11  Probe (Chrono Boost)  
  65  5:12  Phoenix  
  70  5:15  Probe x2 (Chrono Boost)  
  70  5:19  Charge (Chrono Boost)  
  71  5:22  Probe (Chrono Boost)  
  71  5:25  Probe x2 (Chrono Boost)  
  71  5:26  Probe (Chrono Boost)  
  71  5:28  Protoss Ground Armor Level 1 (Chrono Boost)  
  74  5:35  Probe  
  75  5:36  Gateway  
  75  5:37  Gateway  
  75  5:41  Gateway, Templar Archives  
  75  5:45  Gateway  
  75  5:48  Gateway  
  75  5:50  Probe x2  
  75  5:52  Probe  
  75  5:55  Sentry  
  75  5:56  Zealot  
  82  5:57  Psionic Storm  
  82  5:58  Zealot  
  82  6:04  Shield Battery  
  84  6:06  Probe  
  84  6:07  Pylon, Probe x2  
  87  6:16  Pylon  
  87  6:22  High Templar, Zealot  
  87  6:23  Pylon  
  91  6:26  Shield Battery  
  91  6:27  Shield Battery  
  91  6:34  High Templar  
  91  6:39  Zealot x4  
  101  6:42  Probe x3, Assimilator  
  101  6:43  Assimilator  
  104  6:48  High Templar, Zealot  
  104  6:51  Pylon  
  104  6:52  Pylon  
  107  7:02  Zealot x5  
  107  7:08  Photon Cannon  
  117  7:10  Robotics Facility  
  117  7:12  High Templar, Zealot  
  121  7:16  Probe x3  
  124  7:25  Zealot x4  
  132  7:37  Protoss Ground Weapons Level 1  
  132  7:38  Cybernetics Core  
  132  7:45  Pylon  
  132  7:46  Pylon  
  132  7:48  Pylon  
  129  8:05  Zealot x3  
  129  8:07  Zealot x3  
  129  8:08  Zealot x2  
  129  8:10  Probe x3  
  113  8:26  Stalker x3  
  114  8:27  Zealot  
  114  8:28  Zealot x3  
  95  8:46  Nexus  
  93  8:49  High Templar  
  93  8:50  High Templar x6  
  93  8:55  Archon x3  
  107  8:56  Warp Prism (Chrono Boost)  
  107  8:57  Archon, Zealot  
  109  9:20  High Templar  
  109  9:22  High Templar  
  111  9:24  Zealot x6  
  111  9:26  Archon  
  109  9:53  Probe x2  
  109  9:54  Gateway x2  
  111  10:04  Observer (Chrono Boost)  
  112  10:09  Zealot x5  
  120  10:17  Observer (Chrono Boost)  
  120  10:19  Pylon  
  119  10:28  High Templar x2  
  119  10:29  Zealot x3  
  119  10:33  Archon  
  119  10:34  Zealot x2  
  131  10:45  Nexus  
  131  10:51  Zealot x2  
  87  11:04  Zealot x4  
Tags
 
Add a new tag
Caveats
  • Supply blocks, unpowered buildings, or Contaminate may cause inaccurate times.
  • Supply counts are checked every 10 seconds.